Map: [ESL] Data-C

Players

HateMe

  • Race: Zerg Zerg
  • Spawn Location: 3:00

Reynor - Winner!

  • Race: Zerg Zerg
  • Spawn Location: 9:00

Event: DreamHack SC2 Masters 2022 Atlanta (Online)

VOD

Have the link to the VOD?

Description

Time

  • Played on: Oct. 2, 2022, 1:32 p.m.
  • Length: 12:08

All games in this series

Show
View Real Time Build Order
Export as new Build Order

HateMe Zerg 

Build Orders: Hatch First 

Get SALT Encoding   

  12  0:00  Drone  
  13  0:12  Overlord  
  13  0:16  Drone  
  14  0:31  Drone x2  
  16  0:48  Hatchery  
  15  0:51  Drone  
  15  0:55  Drone  
  17  0:58  Drone  
  18  1:09  Extractor  
  17  1:14  Spawning Pool  
  17  1:17  Drone  
  17  1:20  Drone  
  18  1:27  Drone  
  19  1:38  Drone  
  20  1:49  Drone  
  21  2:00  Queen x2  
  21  2:01  Overlord  
  25  2:02  Drone  
  26  2:12  Zergling x4  
  28  2:21  Drone  
  28  2:22  Drone  
  30  2:38  Lair  
  30  2:39  Queen  
  30  2:42  Overlord  
  30  2:43  Drone x2  
  34  2:46  Drone  
  35  2:51  Evolution Chamber  
  34  3:00  Roach Warren  
  34  3:01  Drone  
  34  3:06  Drone x2  
  36  3:13  Evolution Chamber  
  36  3:17  Evolution Chamber  
  32  3:27  Evolution Chamber  
  32  3:34  Overlord  
  32  3:38  Drone x6  
  32  3:40  Glial Reconstitution  
  38  3:43  Zerg Missile Weapons Level 1  
  38  3:47  Drone x2  
  40  3:55  Drone, Extractor x2  
  40  3:56  Drone  
  40  4:03  Drone  
  40  4:08  Drone x3  
  40  4:09  Drone  
  45  4:13  Drone  
  46  4:19  Overlord  
  46  4:25  Overlord  
  46  4:30  Roach  
  48  4:32  Roach x2  
  48  4:36  Overlord  
  56  4:38  Roach x4  
  56  4:45  Roach  
  62  4:52  Roach  
  64  4:54  Roach  
  66  5:01  Overlord  
  66  5:08  Drone x5  
  66  5:13  Extractor  
  70  5:14  Zerg Ground Armor Level 1, Hatchery  
  69  5:23  Overseer  
  69  5:24  Overlord  
  69  5:28  Drone x3  
  72  5:31  Drone x3  
  75  5:39  Zerg Missile Weapons Level 2  
  75  5:42  Overlord  
  75  5:44  Drone x3  
  78  5:52  Overlord  
  78  5:55  Drone  
  78  5:56  Drone  
  80  6:10  Hatchery  
  77  6:16  Roach x5  
  84  6:28  Hatchery  
  84  6:32  Roach x3  
  89  6:39  Roach x4  
  95  6:41  Roach  
  94  6:49  Ravager x2  
  94  6:50  Ravager x2, Overlord  
  94  6:51  Overlord  
  98  6:56  Roach x2  
  98  6:59  Roach  
  104  7:01  Roach  
  112  7:08  Roach x3  
  112  7:13  Roach  
  114  7:17  Roach  
  114  7:20  Roach  
  118  7:25  Overlord  
  118  7:26  Overlord x2  
  118  7:41  Roach x2  
  118  7:42  Overlord x2  
  122  7:44  Roach x2  
  122  7:49  Roach  
  128  7:52  Roach x2  
  128  7:54  Roach x2  
  128  7:57  Roach  
  138  8:00  Roach  
  138  8:04  Roach x2  
  144  8:06  Roach  
  144  8:09  Roach  
  148  8:15  Roach x3  
  154  8:24  Roach  
  154  8:25  Roach x3  
  162  8:30  Roach x2  
  162  8:32  Drone  
  162  8:33  Drone  
  158  8:38  Drone x3  
  149  8:41  Drone  
  149  8:44  Drone  
  149  8:46  Queen  
  153  8:49  Drone  
  153  8:52  Drone x2  
  156  8:58  Extractor  
  156  9:01  Overseer  
  155  9:06  Hatchery  
  155  9:09  Overlord  
  154  9:10  Overlord  
  154  9:21  Spore Crawler  
  154  9:22  Roach x4  
  154  9:24  Spore Crawler  
  162  9:31  Roach  
  162  9:32  Roach x5  
  162  9:35  Roach  
  172  9:41  Roach x3  
  178  9:49  Overlord x3  
  178  9:59  Overseer  
  178  10:06  Hatchery  
  177  10:12  Roach x7  
  177  10:13  Ravager x3  
  194  10:18  Roach x2  
  198  10:28  Roach x3  
  200  10:34  Pneumatized Carapace  
  200  10:36  Overlord x2  
  200  10:38  Overseer  
  192  11:01  Roach x9  
  198  11:05  Roach  
  172  11:19  Roach x13  
  153  11:27  Roach x3  
  153  11:30  Roach x2  
  153  11:31  Roach  
  147  11:34  Roach  
  147  11:39  Roach  
  155  11:40  Roach x2  
  155  11:42  Roach  
  155  11:48  Roach x3  
Show
View Real Time Build Order
Export as new Build Order

Reynor Zerg - Winner!

Build Orders: Pool First 

Get SALT Encoding   

  12  0:00  Drone  
  13  0:11  Overlord  
  13  0:16  Drone  
  14  0:30  Drone x2  
  14  0:34  Drone  
  17  0:42  Extractor  
  16  0:44  Drone  
  16  0:49  Spawning Pool  
  16  0:55  Drone  
  17  1:05  Drone  
  18  1:18  Hatchery  
  17  1:22  Drone  
  18  1:36  Zergling x2  
  18  1:38  Zergling x2  
  20  1:40  Queen  
  22  1:47  Metabolic Boost  
  22  1:54  Overlord  
  22  2:13  Zergling x4  
  22  2:15  Baneling Nest  
  23  2:19  Queen  
  23  2:21  Zergling x2  
  26  2:31  Zergling x2  
  26  2:32  Zergling x2  
  28  2:43  Zergling x4  
  30  2:49  Overlord x2  
  30  2:50  Zergling x2  
  31  2:53  Zergling x2  
  31  2:57  Zergling x2  
  33  2:59  Baneling  
  33  3:00  Baneling  
  33  3:04  Zergling x2  
  34  3:07  Drone  
  35  3:14  Baneling  
  35  3:15  Drone  
  35  3:18  Drone  
  37  3:21  Drone x2  
  37  3:24  Drone  
  37  3:27  Drone  
  40  3:30  Drone  
  40  3:32  Drone  
  41  3:36  Drone  
  41  3:39  Drone  
  41  3:41  Drone  
  44  3:45  Overlord  
  44  3:48  Drone  
  45  3:56  Drone  
  45  3:58  Drone  
  45  4:01  Drone  
  45  4:02  Drone x3  
  51  4:06  Drone  
  51  4:07  Drone  
  51  4:08  Evolution Chamber  
  52  4:17  Drone  
  52  4:23  Hatchery  
  52  4:24  Overlord  
  52  4:28  Drone x2  
  52  4:29  Extractor  
  52  4:30  Drone  
  54  4:35  Zerg Ground Armor Level 1  
  54  4:36  Drone  
  55  4:40  Drone  
  56  4:46  Drone, Roach Warren  
  56  4:52  Zergling x6  
  59  4:53  Drone  
  59  4:55  Extractor  
  59  4:59  Overlord  
  59  5:01  Zergling x4  
  59  5:04  Zergling x6  
  64  5:07  Overlord  
  64  5:19  Queen  
  66  5:21  Drone x3  
  66  5:27  Overlord  
  67  5:29  Roach  
  67  5:30  Roach x3  
  75  5:36  Roach  
  75  5:37  Roach x2  
  75  5:38  Drone  
  75  5:41  Drone x2  
  84  5:46  Lair  
  84  5:48  Drone  
  85  5:53  Drone x2  
  85  5:56  Overlord  
  87  6:01  Drone  
  87  6:02  Drone  
  85  6:09  Roach x4  
  92  6:13  Overlord  
  92  6:18  Roach x3  
  94  6:20  Extractor  
  92  6:27  Roach x3  
  92  6:28  Drone  
  92  6:29  Zerg Missile Weapons Level 1  
  92  6:30  Overlord  
  97  6:43  Roach  
  97  6:44  Roach x2  
  97  6:45  Glial Reconstitution  
  99  6:47  Drone x2  
  99  6:50  Roach x3  
  108  6:54  Roach  
  108  6:55  Roach x2  
  108  6:56  Roach  
  108  6:57  Drone  
  108  6:58  Drone  
  108  6:59  Overlord  
  108  7:01  Roach x2  
  118  7:05  Roach  
  118  7:07  Overlord  
  122  7:09  Overlord  
  122  7:17  Overlord  
  122  7:20  Overlord  
  122  7:25  Roach x4  
  122  7:28  Roach  
  134  7:37  Roach x6  
  144  7:44  Overlord  
  144  7:48  Roach  
  144  7:50  Roach  
  148  7:52  Roach  
  148  7:53  Roach x2  
  148  7:54  Overlord  
  148  7:57  Overlord  
  154  8:02  Roach x4  
  162  8:08  Overlord x2  
  162  8:23  Roach x4  
  164  8:27  Roach x5  
  164  8:28  Roach x2  
  164  8:31  Zerg Missile Weapons Level 2  
  166  8:35  Roach x3, Extractor  
  166  8:38  Roach  
  159  8:47  Roach x3  
  159  8:48  Roach  
  163  8:53  Roach  
  163  8:54  Overlord  
  165  9:00  Roach x2  
  165  9:01  Spine Crawler  
  168  9:04  Roach  
  168  9:05  Roach x2  
  168  9:06  Extractor  
  173  9:11  Drone x3  
  173  9:12  Drone x2  
  173  9:16  Ravager x2  
  180  9:26  Roach x3  
  180  9:31  Hatchery  
  179  9:41  Roach x4  
  179  9:45  Overlord x2  
  185  9:47  Drone  
  185  9:51  Tunneling Claws, Burrow  
  186  10:00  Overlord  
  186  10:04  Overseer  
  186  10:10  Ravager  
  186  10:11  Ravager x2  
  186  10:12  Roach x5  
  199  10:17  Pneumatized Carapace  
  195  10:33  Roach x2  
  199  10:46  Extractor  
  182  10:57  Roach x4  
  182  10:58  Roach x7  
  182  11:01  Roach x5  
  182  11:19  Roach  
  182  11:20  Roach x11  
  182  11:23  Roach x4  
  182  11:25  Roach x15  
  198  11:29  Roach x4  
Tags
 
Add a new tag
Caveats
  • Supply blocks, unpowered buildings, or Contaminate may cause inaccurate times.
  • Supply counts are checked every 10 seconds.